 Dungeon Crawl Stone Soup version 0.28-a0-861-ge64d6db94f (webtiles) character file.

Game seed: 11435876381863733377

1374 ders the Insei (level 8, -2/61 HPs)
             Began as a Gnoll Transmuter on Nov 15, 2021.
             Slain by a scorpion (7 damage)
             ... on level 6 of the Dungeon.
             The game lasted 00:13:22 (6524 turns).

ders the Insei (Gnoll Transmuter)                   Turns: 6524, Time: 00:13:23

Health: -2/61      AC:  2    Str: 11    XL:     8   Next: 66%
Magic:  17/17      EV: 14    Int: 19    God:
Gold:   275        SH:  0    Dex: 13    Spells: 16/19 levels left

rFire   + . .      SeeInvis .   c - +1 demon trident (elec)
rCold   x . .      Faith    .   (no shield)
rNeg    . . .      Spirit   .   a - +0 robe
rPois   .          Reflect  .   (no helmet)
rElec   .          Harm     .   (no cloak)
rCorr   .          Rampage  .   (no gloves)
Will    .....                   (no boots)
Stlth   ++........              g - amulet of the acrobat
HPRegen 0.20/turn               h - +6 ring of intelligence
MPRegen 0.15/turn               n - ring of fire

@: lethally poisoned (-2 -> -7), wereblooded, hasted, very quick
A: fangs 1, strong nose, distributed training
a: no special abilities


You were on level 6 of the Dungeon.
You visited 1 branch of the dungeon, and saw 6 of its levels.

You collected 275 gold pieces.

Inventory:

Hand Weapons
 b - a +2 hand axe of flaming
 c - a +1 demon trident of electrocution (weapon)
Armour
 a - a +0 robe (worn)
Jewellery
 g - an amulet of the acrobat (around neck)
 h - a +6 ring of intelligence (left hand)
 n - a ring of fire (right hand)
Scrolls
 e - a scroll of silence {unknown}
 k - a scroll of fog {unknown}
 l - a scroll of enchant weapon {unknown}
 m - a scroll of identify
 o - a scroll of fear {unknown}
 p - a scroll of enchant armour {unknown}
 q - a scroll of teleportation {unknown}
 r - 2 scrolls of immolation
Potions
 d - 2 potions of attraction
 f - 3 potions of flight
 s - 2 potions of invisibility {unknown}
 t - 2 potions of lignification {unknown}


   Skills:
 + Level 4.4 Fighting
 + Level 3.4 Short Blades
 + Level 3.4 Long Blades
 + Level 3.4 Axes
 + Level 3.4 Maces & Flails
 + Level 3.4 Polearms
 + Level 3.4 Staves
 + Level 3.4 Slings
 + Level 3.4 Bows
 + Level 3.4 Crossbows
 + Level 3.4 Throwing
 + Level 3.4 Armour
 + Level 5.8 Dodging
 + Level 3.4 Stealth
 + Level 3.4 Shields
 + Level 7.5 Unarmed Combat
 + Level 6.1 Spellcasting
 + Level 2.8 Conjurations
 + Level 2.8 Hexes
 + Level 2.8 Summonings
 + Level 2.8 Necromancy
 + Level 2.8 Translocations
 + Level 4.8 Transmutations
 + Level 2.8 Fire Magic
 + Level 2.8 Ice Magic
 + Level 2.8 Air Magic
 + Level 2.8 Earth Magic
 + Level 2.8 Poison Magic
 + Level 3.8 Invocations
 + Level 3.4 Evocations


You had 16 spell levels left.
You knew the following spells:

 Your Spells              Type           Power      Damage    Failure   Level
a - Beastly Appendage     Tmut           48%        N/A       1%          1
b - Wereblood             Tmut           24%        N/A       2%          2

Your spell library contained the following spells:

 Spells                   Type           Power      Damage    Failure   Level
 Spider Form              Tmut/Pois      20%        N/A       7%          3
 Ice Form                 Ice/Tmut       20%        N/A       22%         4


Dungeon Overview and Level Annotations

Branches:
Dungeon (6/15)
 Temple: D:4-7

Altars:

Annotations:
D:6 Dowan, Duvessa


Innate Abilities, Weirdness & Mutations

You have very sharp teeth.
Your uncanny sense of smell can sniff out nearby items.
Your experience applies equally to all skills.


Message History

The hound is heavily wounded.
Your transformation is almost over.
The hound completely misses you.
You closely miss the hound.
The hound is heavily wounded.
The hound bites you but does no damage. The hound misses you.
A scorpion comes into view.
Dowan, Brother of Duvessa comes into view.
He is wielding a +0 dagger and wearing a +1 robe of fire resistance.
You barely miss the hound.
The hound is heavily wounded.
You howl as the wereblood boils in your veins!
Dowan shouts!
The hound barely misses you. The hound misses you.
You hit the hound.
The hound is severely wounded.
The hound closely misses you. Duvessa barely misses you.
You barely miss the hound. You claw the hound.
You feel a bit better.
You kill the hound!
Duvessa hits you with a +0 rapier.
You puncture Duvessa! You claw Duvessa.
Duvessa is moderately wounded.
Duvessa hits you with a +0 rapier!
You closely miss Duvessa. You claw Duvessa. Your headbutt misses Duvessa.
Your bite misses Duvessa.
Duvessa is heavily wounded.
Duvessa hits you with a +0 rapier! The scorpion stings you!
You are poisoned.
The scorpion poisons you!
It was a potion of haste.
You feel yourself speed up.
Your horns disappear.
Your talons disappear.
You feel sick. Duvessa hits you with a +0 rapier!
* * * LOW HITPOINT WARNING * * *
The scorpion misses you.
Okay, then.
As you read the scroll labelled ZICWEDWOMM, it crumbles to dust.
It is a scroll of identify.
r - 2 scrolls of immolation
* * * LOW HITPOINT WARNING * * *
You feel sick. The scorpion stings you!
You die...

.... ..# .... #.# #
....#.# >.
#..#.#####..
#..#.##... #...e.#<#
..#... #...s..(###
#.....
+.(e@.†...######.....
#....................
#...###...####.......
#....###.............
#........#####.......
#...####.............
#.#. #..##........>
#... ##....#.......
#..###.......


You could see Duvessa, Dowan and a scorpion.

Vanquished Creatures
  Grinder (D:5)
  Sigmund (D:5)
  A water moccasin (D:6)
  A sky beast (D:5)
  A black bear (D:4)
  A necrophage (D:4)
  A centaur (D:4)
  2 scorpions (D:5)
  A bullfrog zombie (D:5)
  3 hounds
  3 jellies
  An iguana (D:5)
  A hound zombie (D:5)
  A howler monkey skeleton (D:6)
  A gnoll (D:1)
  10 adders
  A worm (D:4)
  2 dart slugs (D:5)
  3 orcs (D:2)
  11 endoplasms
  2 giant cockroaches (D:4)
  6 goblins
  5 hobgoblins
  4 quokkas
  5 ball pythons
  3 bats
  A frilled lizard (D:3)
  8 kobolds
  5 rats
86 creatures vanquished.

Vanquished Creatures (others)
  A fungus (D:2)
  8 plants
  A withered plant (D:2)
10 creatures vanquished.

Grand Total: 96 creatures vanquished

Notes
Turn   | Place    | Note
-------+----------+-------------------------------------------
     0 | D:1      | ders the Gnoll Transmuter began the quest for the Orb.
     0 | D:1      | Reached XP level 1. HP: 17/17 MP: 6/6
   113 | D:1      | Reached XP level 2. HP: 15/23 MP: 5/7
   243 | D:1      | Learned a level 2 spell: Wereblood
   523 | D:1      | Reached XP level 3. HP: 27/28 MP: 6/9
   609 | D:1      | Reached skill level 5 in Spellcasting
  1199 | D:2      | Reached skill level 1 in Invocations
  1355 | D:2      | Reached skill level 1 in Short Blades
  1355 | D:2      | Reached skill level 1 in Long Blades
  1355 | D:2      | Reached skill level 1 in Axes
  1355 | D:2      | Reached skill level 1 in Maces & Flails
  1355 | D:2      | Reached skill level 1 in Polearms
  1355 | D:2      | Reached skill level 1 in Staves
  1355 | D:2      | Reached skill level 1 in Slings
  1355 | D:2      | Reached skill level 1 in Bows
  1355 | D:2      | Reached skill level 1 in Crossbows
  1355 | D:2      | Reached skill level 1 in Throwing
  1355 | D:2      | Reached skill level 1 in Armour
  1355 | D:2      | Reached skill level 1 in Stealth
  1355 | D:2      | Reached skill level 1 in Shields
  1355 | D:2      | Reached skill level 1 in Evocations
  1403 | D:2      | Reached XP level 4. HP: 25/34 MP: 8/11
  1537 | D:2      | Found a faded altar of an unknown god.
  1986 | D:2      | Reached skill level 1 in Conjurations
  1986 | D:2      | Reached skill level 1 in Hexes
  1986 | D:2      | Reached skill level 1 in Summonings
  1986 | D:2      | Reached skill level 1 in Necromancy
  1986 | D:2      | Reached skill level 1 in Translocations
  1986 | D:2      | Reached skill level 1 in Fire Magic
  1986 | D:2      | Reached skill level 1 in Ice Magic
  1986 | D:2      | Reached skill level 1 in Air Magic
  1986 | D:2      | Reached skill level 1 in Earth Magic
  1986 | D:2      | Reached skill level 1 in Poison Magic
  2827 | D:4      | Noticed a centaur
  2840 | D:4      | Reached XP level 5. HP: 14/40 MP: 12/12
  2840 | D:4      | Killed a centaur
  3301 | D:4      | Noticed a necrophage
  3314 | D:4      | Killed a necrophage
  3315 | D:4      | Reached XP level 6. HP: 22/47 MP: 11/14
  3524 | D:4      | Noticed a black bear
  3534 | D:4      | Killed a black bear
  3535 | D:4      | Reached skill level 5 in Dodging
  4047 | D:5      | Entered Level 5 of the Dungeon
  4072 | D:5      | Reached XP level 7. HP: 43/52 MP: 15/15
  4111 | D:5      | Reached skill level 7 in Unarmed Combat
  4426 | D:5      | Noticed Grinder
  4430 | D:5      | Paralysed by Grinder for 3 turns
  4455 | D:5      | Killed Grinder
  5138 | D:5      | Reached XP level 8. HP: 27/60 MP: 16/16
  5419 | D:5      | Noticed Sigmund
  5440 | D:5      | Killed Sigmund
  6514 | D:6      | Noticed Duvessa
  6517 | D:6      | Noticed Dowan
  6524 | D:6      | Slain by a scorpion

Illustrated notes

Levels and vault maps discovered:
D:1:      giann_wishing_wells, layout_loops_ring, minmay_split_cup_small
D:2:      layout_basic, shapermc_ecumenical_altar_gd, guppyfry_early_orc_mine
D:3:      layout_basic
D:4:      layout_loops_cross, hangedman_decor_points, grunt_ministairs_13
D:5:      layout_loops_cross, chequers_big_river, uniq_grinder, uniq_sigmund
D:6:      layout_rooms, minmay_pentangle, uniq_duvessa

Skill      XL: |  1  2  3  4  5  6  7  8 |
---------------+-------------------------+-----
Spellcasting   | 5 6 |  6.1
Invocations    | 1 2 3 |  3.8
Short Blades   | 1 2 3 |  3.4
Long Blades    | 1 2 3 |  3.4
Axes           | 1 2 3 |  3.4
Maces & Flails | 1 2 3 |  3.4
Polearms       | 1 2 3 |  3.4
Staves         | 1 2 3 |  3.4
Slings         | 1 2 3 |  3.4
Bows           | 1 2 3 |  3.4
Crossbows      | 1 2 3 |  3.4
Throwing       | 1 2 3 |  3.4
Armour         | 1 2 3 |  3.4
Stealth        | 1 2 3 |  3.4
Shields        | 1 2 3 |  3.4
Evocations     | 1 2 3 |  3.4
Conjurations   | 1 2 |  2.8
Hexes          | 1 2 |  2.8
Summonings     | 1 2 |  2.8
Necromancy     | 1 2 |  2.8
Translocations | 1 2 |  2.8
Fire Magic     | 1 2 |  2.8
Ice Magic      | 1 2 |  2.8
Air Magic      | 1 2 |  2.8
Earth Magic    | 1 2 |  2.8
Poison Magic   | 1 2 |  2.8
Fighting       | 3 4 |  4.4
Transmutations | 4 |  4.8
Dodging        | 5 |  5.8
Unarmed Combat | 7 |  7.5

Action                   |  1- 3 |  4- 6 |  7- 9 || total
-------------------------+-------+-------+-------++-------
Melee: Unarmed           |    15 |       |       ||    15
       Kick              |     7 |    15 |    16 ||    38
       Headbutt          |     8 |     6 |    11 ||    25
       Hand axe          |    39 |    74 |    48 ||   161
       Bite              |     2 |     6 |     7 ||    15
       Punch             |       |     1 |     4 ||     5
       Demon trident     |       |       |    47 ||    47
 Cast: Beastly Appendage |    19 |    23 |    17 ||    59
       Wereblood         |     2 |     4 |     4 ||    10
  Use: Potion            |       |     1 |     8 ||     9
       Scroll            |       |       |     1 ||     1
 Stab: Sleeping          |     1 |     1 |     1 ||     3
Armor: Robe              |     3 |    12 |    13 ||    28
Dodge: Dodged            |    44 |    66 |    90 ||   200

Table legend: (Time is in decaauts)
 A = Elapsed time spent in this place.
 B = Non-inter-level travel time spent in this place.
 C = Inter-level travel time spent in this place.
 D = Time resting spent in this place.
 E = Time spent auto-exploring this place.
 F = Levels seen in this place.
 G = Mean time per level.
                   A        B        C        D        E       F      G
               +--------+--------+--------+--------+--------+-----+--------+
         Total |   6578 |   6285 |    293 |   2440 |   2926 |   6 | 1096.3 |
       Dungeon |   6578 |   6285 |    293 |   2440 |   2926 |   6 | 1096.3 |
               +--------+--------+--------+--------+--------+-----+--------+

Top non-repeatable levels by time:
     D:5: 1980 daAuts
     D:4: 1469 daAuts
     D:1: 1140 daAuts
     D:2: 882 daAuts
     D:3: 774 daAuts
     D:6: 332 daAuts
